[ AOE2 MATCH · #505108902 ]
UnrankedTurks vs Khmer
Player's team · WIN
Rival team · LOSS
[ REPLAY ANALYSIS · EXTRACTED FROM THE RECORDED GAME ]
Feudal
10:56
Castle
19:10
Imperial
26:17
| APM avg | 48.1 |
| APM peak | 83 |
| eAPM avg | 25.6 |
| Villagers / military | 43 / 25 |
Focus
⚔️ 31.5% · 🌾 68.5%
Janissary ×23 · Bombard Cannon ×2
Feudal
7:48
Castle
22:43
Imperial
—
| APM avg | 47.8 |
| APM peak | 101 |
| eAPM avg | 31.3 |
| Villagers / military | 92 / 3 |
Focus
⚔️ 34.7% · 🌾 65.3%
Scout Cavalry ×3
Match map
Initial resources + every placement click. Lines = walls · curves = elevation contours. ◆ gold · ⬟ stone · ● berries · ✦ relic · ◌ wall gap
Your base· ✓ Closed at 19:10 · 52t walls · 3 gate(s)
DS_Gabo's base· ✓ Closed at 22:43 · 15t walls · 3 gate(s)
Smoothed initial terrain · ◌ = detected wall gap · hover for details
Inputs per minute
— Omit the Wise - - DS_Gabo
Build order — Omit the Wise
First 150 of 185 actions detected
| 0:00 | Queue | Villager (Male) |
| 0:01 | Queue | Villager (Male) |
| 0:01 | Queue | Villager (Male) |
| 0:02 | Build | House |
| 0:03 | Build | House |
| 0:15 | Queue | Villager (Male) |
| 0:16 | Queue | Villager (Male) |
| 1:27 | Queue | Villager (Male) |
| 1:28 | Queue | Villager (Male) |
| 1:47 | Build | Lumber Camp |
| 1:57 | Queue | Villager (Male) |
| 2:15 | Queue | Villager (Male) |
| 2:45 | Queue | Villager (Male) |
| 3:02 | Queue | Villager (Male) |
| 3:07 | Build | House |
| 3:08 | Build | House |
| 3:12 | Build | House |
| 3:41 | Queue | Villager (Male) |
| 3:42 | Queue | Villager (Male) |
| 3:54 | Queue | Villager (Male) |
| 4:31 | Queue | Villager (Male) |
| 4:37 | Queue | Villager (Male) |
| 4:37 | Queue | Villager (Male) |
| 4:37 | Queue | Villager (Male) |
| 5:06 | Build | Palisade Wall |
| 5:09 | Build | Palisade Wall |
| 5:11 | Build | Palisade Wall |
| 5:12 | Queue | Villager (Male) |
| 5:14 | Build | Palisade Wall |
| 5:15 | Build | Palisade Wall |
| 5:20 | Build | Palisade Wall |
| 5:26 | Build | Palisade Wall |
| 5:29 | Build | Palisade Wall |
| 5:33 | Build | Palisade Gate |
| 5:42 | Build | Palisade Wall |
| 5:43 | Queue | Villager (Male) |
| 5:45 | Build | Mill |
| 6:13 | Queue | Villager (Male) |
| 6:44 | Build | House |
| 6:59 | Queue | Villager (Male) |
| 7:21 | Queue | Villager (Male) |
| 7:44 | Queue | Villager (Male) |
| 8:00 | Research | Loom |
| 8:02 | Research | Feudal Age |
| 8:10 | Build | House |
| 9:00 | Build | House |
| 9:03 | Build | Palisade Wall |
| 9:05 | Build | Palisade Wall |
| 9:06 | Build | Palisade Wall |
| 9:14 | Build | House |
| 9:17 | Build | Palisade Wall |
| 9:21 | Build | Palisade Wall |
| 9:33 | Build | Palisade Wall |
| 10:00 | Build | Palisade Wall |
| 10:00 | Build | Palisade Wall |
| 10:01 | Build | Palisade Wall |
| 10:01 | Queue | Villager (Male) |
| 10:49 | Build | Palisade Gate |
| 10:56 | Age | Feudal Age |
| 10:56 | Build | Palisade Wall |
| 11:00 | Queue | Villager (Male) |
| 11:12 | Queue | Villager (Male) |
| 11:13 | Build | Farm |
| 11:24 | Build | Palisade Wall |
| 11:49 | Build | Farm |
| 11:55 | Build | Farm |
| 11:55 | Queue | Villager (Male) |
| 12:27 | Queue | Villager (Male) |
| 12:32 | Build | Farm |
| 12:32 | Queue | Villager (Male) |
| 12:34 | Build | Farm |
| 12:36 | Build | Market |
| 12:40 | Build | Farm |
| 12:41 | Build | Farm |
| 12:41 | Build | Farm |
| 12:45 | Queue | Villager (Male) |
| 12:50 | Build | Blacksmith |
| 13:12 | Queue | Villager (Male) |
| 13:20 | Queue | Villager (Male) |
| 13:35 | Queue | Villager (Male) |
| 13:42 | Queue | Villager (Male) |
| 13:45 | Build | Mining Camp |
| 13:56 | Build | Palisade Wall |
| 13:56 | Build | Palisade Wall |
| 13:57 | Build | Palisade Wall |
| 13:57 | Build | Palisade Wall |
| 13:58 | Build | Palisade Wall |
| 13:59 | Build | Palisade Wall |
| 14:04 | Build | Palisade Wall |
| 14:05 | Build | Palisade Wall |
| 14:06 | Build | Palisade Wall |
| 14:06 | Build | Palisade Wall |
| 14:07 | Build | Palisade Wall |
| 14:07 | Build | Palisade Wall |
| 14:07 | Build | Palisade Wall |
| 14:07 | Build | Palisade Wall |
| 14:08 | Build | Palisade Wall |
| 14:08 | Build | Palisade Wall |
| 14:08 | Build | Palisade Wall |
| 14:09 | Build | Palisade Wall |
| 14:13 | Build | Farm |
| 14:13 | Build | Farm |
| 14:43 | Build | Palisade Wall |
| 14:44 | Build | Palisade Wall |
| 14:47 | Build | Palisade Wall |
| 14:51 | Build | Palisade Wall |
| 14:55 | Queue | Villager (Male) |
| 14:58 | Build | Palisade Wall |
| 15:00 | Build | Palisade Wall |
| 15:06 | Build | House |
| 15:06 | Queue | Villager (Male) |
| 15:54 | Build | Mining Camp |
| 16:11 | Build | Farm |
| 16:30 | Research | Castle Age |
| 16:47 | Build | Palisade Wall |
| 17:06 | Build | Palisade Wall |
| 17:11 | Build | Palisade Wall |
| 17:16 | Build | Palisade Wall |
| 17:39 | Build | House |
| 18:00 | Build | Lumber Camp |
| 18:14 | Research | Double-Bit Axe |
| 18:27 | Queue | Villager (Male) |
| 19:10 | Age | Castle Age |
| 19:24 | Queue | Villager (Male) |
| 19:43 | Build | Stone Wall |
| 19:44 | Build | Stone Wall |
| 19:58 | Build | Farm |
| 20:29 | Queue | Villager (Male) |
| 20:29 | Queue | Villager (Male) |
| 20:35 | Build | Castle |
| 20:39 | Build | House |
| 20:43 | Build | House |
| 20:45 | Build | Palisade Wall |
| 20:47 | Build | House |
| 20:51 | Build | House |
| 20:54 | Queue | Villager (Male) |
| 21:21 | Build | Mining Camp |
| 21:38 | Build | Siege Workshop |
| 21:46 | Build | Farm |
| 22:02 | Queue | Janissary |
| 22:02 | Queue | Janissary |
| 22:09 | Build | House |
| 22:17 | Build | House |
| 22:40 | Build | Stone Wall |
| 22:42 | Build | Stone Wall |
| 22:43 | Build | Stone Wall |
| 22:49 | Build | Stone Wall |
| 22:50 | Build | Stone Wall |
| 22:51 | Build | Stone Wall |
| 23:07 | Research | Imperial Age |
Build order — DS_Gabo
First 150 of 183 actions detected
| 0:00 | Queue | Villager (Male) ×4 |
| 0:01 | Build | House |
| 0:02 | Build | House |
| 0:59 | Build | Mill |
| 1:13 | Queue | Villager (Male) |
| 1:57 | Queue | Villager (Male) |
| 2:14 | Queue | Villager (Male) |
| 2:37 | Queue | Villager (Male) |
| 2:58 | Queue | Villager (Male) |
| 3:01 | Build | House |
| 3:11 | Queue | Villager (Male) |
| 3:12 | Queue | Villager (Male) |
| 3:30 | Queue | Villager (Male) |
| 4:10 | Research | Loom |
| 4:15 | Queue | Villager (Male) ×2 |
| 4:15 | Queue | Villager (Male) ×2 |
| 4:16 | Queue | Villager (Male) |
| 4:24 | Queue | Villager (Male) |
| 4:51 | Queue | Villager (Male) |
| 4:53 | Queue | Villager (Male) |
| 5:38 | Research | Feudal Age |
| 6:05 | Build | Mining Camp |
| 6:45 | Research | Loom |
| 6:46 | Queue | Villager (Male) |
| 7:26 | Build | Palisade Wall |
| 7:48 | Age | Feudal Age |
| 7:52 | Build | Watch Tower |
| 7:58 | Queue | Villager (Male) |
| 8:15 | Queue | Villager (Male) |
| 8:20 | Queue | Villager (Male) |
| 8:21 | Queue | Villager (Male) ×3 |
| 8:54 | Build | House |
| 9:05 | Queue | Villager (Male) |
| 9:13 | Queue | Villager (Male) |
| 9:32 | Build | Lumber Camp |
| 9:54 | Queue | Villager (Male) |
| 10:11 | Queue | Villager (Male) |
| 10:11 | Queue | Villager (Male) |
| 10:52 | Queue | Villager (Male) |
| 10:57 | Queue | Villager (Male) |
| 11:13 | Build | Watch Tower |
| 11:25 | Build | House |
| 11:40 | Queue | Villager (Male) ×2 |
| 12:38 | Build | Mill |
| 13:01 | Queue | Villager (Male) |
| 13:05 | Build | House |
| 13:17 | Queue | Villager (Male) |
| 13:24 | Build | Palisade Wall |
| 13:25 | Build | Palisade Wall |
| 13:33 | Build | Palisade Wall |
| 13:37 | Build | House |
| 13:39 | Build | Palisade Wall |
| 13:40 | Build | Palisade Wall |
| 13:42 | Queue | Villager (Male) |
| 13:47 | Build | Farm |
| 13:47 | Build | Farm |
| 13:48 | Queue | Villager (Male) |
| 13:51 | Build | Farm |
| 13:51 | Queue | Villager (Male) |
| 14:03 | Build | Farm |
| 14:06 | Build | Farm |
| 14:07 | Build | Farm |
| 14:16 | Build | Watch Tower |
| 14:19 | Build | Palisade Wall |
| 14:20 | Queue | Villager (Male) |
| 14:20 | Queue | Villager (Male) |
| 14:25 | Build | Palisade Wall |
| 14:27 | Build | Palisade Wall |
| 14:30 | Build | Palisade Wall |
| 14:31 | Build | Palisade Wall |
| 14:33 | Build | Palisade Wall |
| 14:33 | Queue | Villager (Male) |
| 14:54 | Research | Double-Bit Axe |
| 14:55 | Queue | Villager (Male) ×5 |
| 14:55 | Queue | Villager (Male) |
| 14:59 | Queue | Villager (Male) |
| 14:59 | Queue | Villager (Male) |
| 15:14 | Queue | Villager (Male) |
| 15:25 | Research | Horse Collar |
| 15:39 | Queue | Villager (Male) ×5 |
| 15:42 | Queue | Villager (Male) |
| 15:55 | Build | Palisade Wall |
| 15:56 | Build | Palisade Wall |
| 16:17 | Build | Watch Tower |
| 16:20 | Queue | Villager (Male) ×2 |
| 16:26 | Build | Farm |
| 16:27 | Build | Farm |
| 16:29 | Queue | Villager (Male) |
| 16:41 | Queue | Villager (Male) |
| 16:46 | Build | Farm |
| 16:48 | Build | Farm |
| 16:49 | Queue | Villager (Male) |
| 16:49 | Queue | Villager (Male) |
| 17:16 | Build | Mining Camp |
| 17:46 | Build | Watch Tower |
| 17:54 | Build | Blacksmith |
| 17:56 | Build | House |
| 18:23 | Build | Farm |
| 18:26 | Build | Farm |
| 19:05 | Build | Farm |
| 19:06 | Build | Farm |
| 19:06 | Queue | Villager (Male) |
| 19:34 | Build | Farm |
| 19:35 | Build | Farm |
| 19:47 | Build | Farm |
| 19:48 | Build | Farm |
| 19:50 | Build | Farm |
| 20:03 | Research | Castle Age |
| 21:06 | Build | Stone Wall |
| 21:14 | Build | Stable |
| 21:22 | Research | Stone Mining |
| 21:22 | Research | Stone Mining |
| 21:43 | Build | House |
| 21:51 | Build | Lumber Camp |
| 22:12 | Build | Outpost |
| 22:13 | Queue | Villager (Male) |
| 22:23 | Build | Watch Tower |
| 22:25 | Build | Watch Tower |
| 22:28 | Research | Fletching |
| 22:43 | Age | Castle Age |
| 22:45 | Build | House |
| 22:46 | Build | House |
| 22:47 | Queue | Villager (Male) |
| 22:58 | Build | House |
| 23:00 | Build | Stone Wall |
| 23:00 | Queue | Villager (Male) |
| 23:13 | Research | Bow Saw |
| 23:14 | Queue | Villager (Male) |
| 23:28 | Build | Town Center |
| 23:34 | Queue | Villager (Male) |
| 23:51 | Build | Watch Tower |
| 23:58 | Queue | Villager (Male) |
| 24:09 | Queue | Villager (Male) |
| 24:10 | Queue | Villager (Male) |
| 24:14 | Queue | Scout Cavalry |
| 24:15 | Queue | Scout Cavalry |
| 24:28 | Build | Farm |
| 24:28 | Build | Farm |
| 24:29 | Build | Farm |
| 24:30 | Build | Farm |
| 24:31 | Build | Farm |
| 24:31 | Build | Farm |
| 24:38 | Queue | Villager (Male) |
| 24:42 | Queue | Villager (Male) |
| 24:48 | Queue | Scout Cavalry |
| 24:55 | Build | Farm |
| 24:55 | Build | Farm |
| 24:57 | Build | Farm |
| 24:57 | Queue | Villager (Male) ×3 |
| 25:04 | Queue | Villager (Male) |
Match timeline
| 5:06 | Omit the Wise · wall_segment Palisade Wall x1 |
| 5:09 | Omit the Wise · wall_segment Palisade Wall x1 |
| 5:11 | Omit the Wise · wall_segment Palisade Wall x1 |
| 5:14 | Omit the Wise · wall_segment Palisade Wall x1 |
| 5:15 | Omit the Wise · wall_segment Palisade Wall x1 |
| 5:20 | Omit the Wise · wall_segment Palisade Wall x1 |
| 5:26 | Omit the Wise · wall_segment Palisade Wall x1 |
| 5:29 | Omit the Wise · wall_segment Palisade Wall x1 |
| 5:42 | Omit the Wise · wall_segment Palisade Wall x1 |
| 7:26 | DS_Gabo · wall_segment Palisade Wall x1 |
| 7:48 | DS_Gabo · age_up feudal |
| 9:03 | Omit the Wise · wall_segment Palisade Wall x1 |
| 9:05 | Omit the Wise · wall_segment Palisade Wall x1 |
| 9:06 | Omit the Wise · wall_segment Palisade Wall x1 |
| 9:17 | Omit the Wise · wall_segment Palisade Wall x1 |
| 9:21 | Omit the Wise · wall_segment Palisade Wall x5 |
| 9:33 | Omit the Wise · wall_segment Palisade Wall x7 |
| 10:00 | Omit the Wise · wall_segment Palisade Wall x1 |
| 10:00 | Omit the Wise · wall_segment Palisade Wall x1 |
| 10:01 | Omit the Wise · wall_segment Palisade Wall x2 |
| 10:56 | Omit the Wise · age_up feudal |
| 10:56 | Omit the Wise · wall_segment Palisade Wall x1 |
| 11:24 | Omit the Wise · wall_segment Palisade Wall x1 |
| 13:24 | DS_Gabo · wall_segment Palisade Wall x1 |
| 13:25 | DS_Gabo · wall_segment Palisade Wall x1 |
| 13:33 | DS_Gabo · wall_segment Palisade Wall x1 |
| 13:39 | DS_Gabo · wall_segment Palisade Wall x1 |
| 13:40 | DS_Gabo · wall_segment Palisade Wall x1 |
| 13:56 | Omit the Wise · wall_segment Palisade Wall x1 |
| 13:56 | Omit the Wise · wall_segment Palisade Wall x1 |
| 13:57 | Omit the Wise · wall_segment Palisade Wall x1 |
| 13:57 | Omit the Wise · wall_segment Palisade Wall x1 |
| 13:58 | Omit the Wise · wall_segment Palisade Wall x1 |
| 13:59 | Omit the Wise · wall_segment Palisade Wall x1 |
| 14:04 | Omit the Wise · wall_segment Palisade Wall x1 |
| 14:05 | Omit the Wise · wall_segment Palisade Wall x1 |
| 14:06 | Omit the Wise · wall_segment Palisade Wall x1 |
| 14:06 | Omit the Wise · wall_segment Palisade Wall x1 |
| 14:07 | Omit the Wise · wall_segment Palisade Wall x1 |
| 14:07 | Omit the Wise · wall_segment Palisade Wall x1 |
| 14:07 | Omit the Wise · wall_segment Palisade Wall x1 |
| 14:07 | Omit the Wise · wall_segment Palisade Wall x1 |
| 14:08 | Omit the Wise · wall_segment Palisade Wall x1 |
| 14:08 | Omit the Wise · wall_segment Palisade Wall x1 |
| 14:08 | Omit the Wise · wall_segment Palisade Wall x2 |
| 14:09 | Omit the Wise · wall_segment Palisade Wall x1 |
| 14:19 | DS_Gabo · wall_segment Palisade Wall x1 |
| 14:25 | DS_Gabo · wall_segment Palisade Wall x1 |
| 14:27 | DS_Gabo · wall_segment Palisade Wall x1 |
| 14:30 | DS_Gabo · wall_segment Palisade Wall x1 |
| 14:31 | DS_Gabo · wall_segment Palisade Wall x1 |
| 14:33 | DS_Gabo · wall_segment Palisade Wall x1 |
| 14:43 | Omit the Wise · wall_segment Palisade Wall x1 |
| 14:44 | Omit the Wise · wall_segment Palisade Wall x1 |
| 14:47 | Omit the Wise · wall_segment Palisade Wall x1 |
| 14:51 | Omit the Wise · wall_segment Palisade Wall x1 |
| 14:58 | Omit the Wise · wall_segment Palisade Wall x1 |
| 15:00 | Omit the Wise · wall_segment Palisade Wall x1 |
| 15:55 | DS_Gabo · wall_segment Palisade Wall x1 |
| 15:56 | DS_Gabo · wall_segment Palisade Wall x1 |
| 16:28 | Omit the Wise · first_market_sell 100 stone |
| 16:30 | Omit the Wise · first_market_buy 100 food |
| 16:47 | Omit the Wise · wall_segment Palisade Wall x1 |
| 17:06 | Omit the Wise · wall_segment Palisade Wall x1 |
| 17:11 | Omit the Wise · wall_segment Palisade Wall x1 |
| 17:16 | Omit the Wise · wall_segment Palisade Wall x1 |
| 19:10 | Omit the Wise · age_up castle |
| 19:43 | Omit the Wise · wall_segment Stone Wall x1 |
| 19:44 | Omit the Wise · wall_segment Stone Wall x1 |
| 20:35 | Omit the Wise · first_building Castle |
| 20:45 | Omit the Wise · wall_segment Palisade Wall x1 |
| 21:06 | DS_Gabo · wall_segment Stone Wall x4 |
| 21:14 | DS_Gabo · first_building Stable |
| 21:38 | Omit the Wise · first_building Siege Workshop |
| 22:40 | Omit the Wise · wall_segment Stone Wall x1 |
| 22:42 | Omit the Wise · wall_segment Stone Wall x1 |
| 22:43 | Omit the Wise · wall_segment Stone Wall x4 |
| 22:43 | DS_Gabo · age_up castle |
| 22:49 | Omit the Wise · wall_segment Stone Wall x1 |
| 22:50 | Omit the Wise · wall_segment Stone Wall x1 |
| 22:51 | Omit the Wise · wall_segment Stone Wall x1 |
| 23:00 | DS_Gabo · wall_segment Stone Wall x1 |
| 23:41 | Omit the Wise · wall_segment Palisade Wall x1 |
| 26:17 | Omit the Wise · age_up imperial |
| 28:12 | DS_Gabo · resign |
[ AI ANALYSIS · 1 CREDIT ]
What really happened in this match?
Wolo.gg analyzes every decision: build order, eco, micro, common mistakes by bracket. Personalized analysis on WhatsApp or Discord in 30 seconds.
Civ guide
Turks
Perfil
Jugador #15935362